Cogmind - Beta 13 @@@ ROGUE MODE // 2024.05.08 @ 02:19:04 Player: HourglassMan Result: Destroyed by G-47 Trooper with Particle Gun Performance ------------- Evolutions (2) 1000 Regions Visited (4) 800 Robots Destroyed (27) 135 Value Destroyed (806) 806 Prototype IDs (3) 60 Alien Tech Used (0) 0 Bonus (0) 0 TOTAL SCORE: 2801 Bonus ------- None Cogmind --------- Core Integrity 0/550 Matter 152/300 Energy 37/100 System Corruption 0% Temperature Danger (497) Movement Core (300) Ox5 Location -8/Materials Parts ------- > --- POWER (1) -------- (None) > --- PROPULSION (4) --- (None) > --- UTILITY (3) ------ Medium Storage Unit Visual Processing Unit Light Armor Plating > --- WEAPON (3) ------- Pulse Rifle > --- INVENTORY (10) --- Light Deuterium Engine Compact Matter Pod (150) Heavy Armor Plating Mining Laser Peak State ------------ > --- POWER ------------ Light Nuclear Core > --- PROPULSION ------- Light Treads Compact Wheel > --- UTILITY ---------- Medium Storage Unit Visual Processing Unit Power Shielding > --- WEAPON ----------- Small Laser Particle Gun Particle Gun > --- INVENTORY -------- Light Ion Engine Light Deuterium Engine Compact Matter Pod Light Armor Plating Heavy Armor Plating Particle Gun Pulse Rifle Grenade Launcher Mining Laser [Rating: 16] Favorites ----------- Power Ion Engine Engine Ion Engine Power Core Light Nuclear Core Propulsion Aluminum Leg Treads Light Treads Leg Aluminum Leg Wheel Wheel Utility Power Shielding Device Structural Scanner Storage Medium Storage Unit Processor Visual Processing Unit Protection Power Shielding Weapon Particle Gun Energy Gun Particle Gun Energy Cannon Heavy Particle Cannon Ballistic Gun Assault Rifle Launcher Grenade Launcher Special Weapon Mining Laser Build | -11 -10 -9 -9 -8 ------- Run | Yrd Mat Mat Min Mat Slots Evolved 4 | . . 2 . 2 Power . | . . . . . Propulsion 2 | . . 1 . 1 Utility 1 | . . 1 . . Weapon 1 | . . . . 1 Parts Attached 57 | 7 5 18 10 17 Power 8 | 2 . 2 2 2 Engine 7 | 2 . 2 2 1 Core 1 | . . . . 1 Reactor . | . . . . . Propulsion 7 | 2 1 1 1 2 Treads 1 | . . . . 1 Leg 4 | 2 1 1 . . Wheel 2 | . . . 1 1 Hover . | . . . . . Flight . | . . . . . Utility 12 | 1 2 4 3 2 Device 3 | . 1 2 . . Storage 4 | 1 . 1 2 . Processor 1 | . . . . 1 Hackware . | . . . . . Protection 4 | . 1 1 1 1 Artifact . | . . . . . Weapon 30 | 2 2 11 4 11 Energy Gun 12 | . . 3 1 8 Energy Cannon 1 | . . . . 1 Ballistic Gun 7 | 2 1 3 1 . Ballistic Cannon . | . . . . . Launcher 5 | . 1 2 1 1 Special Weapon 5 | . . 3 1 1 Impact Weapon . | . . . . . Slashing Weapon . | . . . . . Piercing Weapon . | . . . . . Special Melee Weapon . | . . . . . Unidentified Prototypes . | . . . . . Parts Lost 20 | . . 3 3 14 Power 4 | . . . 1 3 Propulsion 6 | . . 2 1 3 Utility 1 | . . . . 1 Weapon 9 | . . 1 1 7 Highest Loss Streak 8 | . . 2 4 8 To Critical Strikes . | . . . . . Average Slot Usage (%) 83 | . 97 92 75 71 Engine 8 | . 14 11 11 2 Core 1 | . . . . 5 Treads 1 | . . . . 4 Leg 13 | . 28 26 . . Wheel 4 | . . . 10 8 Device 7 | . 1 10 11 5 Storage 10 | . 14 11 11 9 Processor 1 | . . . . 3 Protection 9 | . 9 11 10 8 Energy Gun 9 | . . 6 5 19 Ballistic Gun 11 | . 28 10 11 2 Special Weapon 2 | . . 3 4 1 Naked Turns . | . . . . . Heaviest Build 26 | 13 15 25 23 26 Greatest Support 30 | 20 20 30 10 26 Greatest Overweight (x) 7 | . . 2 7 7 Average Overweight (x) . | . . . 2 1 Largest Inventory Capacity 10 | 8 8 10 10 10 Average Capacity 9 | 6 8 9 10 10 Most Carried 10 | 4 8 10 10 10 Average Carried 7 | 2 6 8 6 8 Final Capacity 10 | 8 8 10 10 10 Final Carried 10 | 4 8 10 6 5 Class Distribution -------------------- 65% | Mutant 22% | Tank 12% | Scavenger-Mutant Dominant Class ---------------- Mutant | -10/Materials Mutant | -9/Materials Mutant | -9/Mines Tank | -8/Materials Resources | -11 -10 -9 -9 -8 ----------- Run | Yrd Mat Mat Min Mat Matter Collected 963 | 236 107 234 221 165 Remotely . | . . . . . Salvage Created 723 | . 148 265 24 286 Parts 44 | . 13 21 . 10 Haulers Intercepted . | . . . . . Recyclers Shooed . | . . . . . Parts Field Recycled . | . . . . . Retrieved Matter . | . . . . . Parts Self-Destructed . | . . . . . Prevented . | . . . . . Kills | -11 -10 -9 -9 -8 ------- Run | Yrd Mat Mat Min Mat Combat Hostiles Destroyed 25 | . 7 9 3 6 Guns 16 | . 5 5 1 5 AOE 8 | . 2 4 2 . Classes Destroyed 6 | . 2 2 . 2 Worker 1 | . . . . 1 Builder 1 | . . 1 . . Swarmer 7 | . 4 3 . . Grunt 13 | . 3 4 3 3 Brawler 1 | . . . . 1 Sentry 4 | . . 2 . 2 Best Kill Streak 4 | . 4 4 3 2 Combat Bots Only 4 | . 4 3 3 2 Max Kills in Single Turn 4 | . 2 4 1 1 Gunslinging . | . . . . . Exploded 2 | . 2 2 1 . Melee . | . . . . . Uniques/NPCs Destroyed . | . . . . . Combat | -11 -10 -9 -9 -8 -------- Run | Yrd Mat Mat Min Mat Hostile Shots Fired 283 | . 29 100 15 139 Missed 81 | . 10 42 6 23 Damage Taken 2915 | . 165 750 198 1802 Core 766 | . 42 121 44 559 Absorbed by Shields . | . . . . . Redirected to Shielding 103 | . 6 28 15 54 Core Remaining (%) 80 | 100 83 . 58 . Volleys Fired 79 | . 12 31 6 30 Largest 3 | . 2 2 2 3 Hottest 170 | . 50 130 100 170 Shots Fired 150 | . 24 53 7 66 Gun 127 | . 23 40 2 62 Cannon 2 | . . . . 2 Launcher 10 | . 1 4 4 1 Special 11 | . . 9 1 1 Kinetic 52 | . 23 18 1 10 Thermal 88 | . . 31 2 55 Explosive 10 | . 1 4 4 1 Electromagnetic . | . . . . . Robot Hit Streak 7 | . 5 7 5 7 Robot Miss Streak 3 | . 1 3 1 3 Penetration Max . | . . . . . Secondary Targets 4 | . 2 1 . 1 Max Gunslinging Chain 1 | . 1 1 . 1 Shots Hit Robots 74 | . 15 27 5 27 Core Hits 46 | . 11 17 5 13 Critical Kills . | . . . . . Critical Parts Destroyed . | . . . . . Critical Strikes 2 | . . . . 2 Burn 2 | . . . . 2 Melee Attacks . | . . . . . Impact . | . . . . . Slashing . | . . . . . Piercing . | . . . . . Sneak Attacks . | . . . . . Combat Hostiles . | . . . . . Follow-up Attacks . | . . . . . Damage Inflicted 1946 | . 250 640 403 653 Guns 1060 | . 160 396 17 487 Cannons 50 | . . . . 50 Explosions 836 | . 90 244 386 116 Melee . | . . . . . Ramming . | . . . . . Kinetic 423 | . 160 152 . 111 Thermal 687 | . . 244 17 426 Explosive 836 | . 90 244 386 116 Electromagnetic . | . . . . . Impact . | . . . . . Slashing . | . . . . . Piercing . | . . . . . Highest Corruption 2 | . 2 . . . Average Corruption 2 | . 2 . . . Corruption Purged . | . . . . . Corruption Blocked . | . . . . . Effects 2 | . 2 . . . Energy Discharges 2 | . 2 . . . Overload Shots . | . . . . . Overflow Damage 30 | . . . 30 . Projectiles . | . . . . . Explosions 30 | . . . 30 . Melee . | . . . . . Knockbacks . | . . . . . Impact . | . . . . . Kinetic . | . . . . . Secondary . | . . . . . Self-Inflicted Damage 122 | . . 27 95 . Shots 5 | . . 1 4 . Rammed . | . . . . . Targets Rammed . | . . . . . Kicked . | . . . . . Crushed . | . . . . . Highest Temperature 506 | . 12 345 18 506 Average Temperature 159 | . 7 71 7 243 Received Heat Transfer 1380 | . 36 225 57 1062 Effects 14 | . . 3 . 11 Shutdowns 5 | . . 1 . 4 Energy Bleed 5 | . . 2 . 3 Matter Decay 2 | . . . . 2 Short Circuit 1 | . . . . 1 Damage (minor) 1 | . . . . 1 Siege Activations . | . . . . . Robots Corrupted . | . . . . . Combat Hostiles . | . . . . . Parts Fried . | . . . . . Impact Corruptions . | . . . . . Robots Melted 1 | . . . . 1 Combat Hostiles 1 | . . . . 1 Parts Melted 4 | . . 3 . 1 Heat Transferred 1777 | . . 592 37 1148 Parts Sabotaged . | . . . . . Parts Stolen . | . . . . . Parts Stripped . | . . . . . Power Chain Reactions . | . . . . . Alert | -11 -10 -9 -9 -8 ------- Run | Yrd Mat Mat Min Mat Peak Influence 380 | . 236 380 99 267 Initial 99 | . . 99 39 38 Average 140 | . 94 227 96 125 Maximum Alert Level 1 | . 1 1 . 1 Low Security (%) 76 | 100 88 38 100 90 Level 1 23 | . 11 61 . 9 Level 2 . | . . . . . Level 3 . | . . . . . Level 4 . | . . . . . Level 5 . | . . . . . High Security . | . . . . . Max Security . | . . . . . Squads Dispatched 9 | . 3 4 . 2 Investigation 5 | . 2 2 . 1 Extermination . | . . . . . Reinforcement 4 | . 1 2 . 1 Assault . | . . . . . Garrison . | . . . . . Intercept . | . . . . . Searches Triggered . | . . . . . Construction Impeded . | . . . . . Haulers Reinforced . | . . . . . Active Scanning Responses . | . . . . . Cargo Convoy Interrupts . | . . . . . Stealth | -11 -10 -9 -9 -8 --------- Run | Yrd Mat Mat Min Mat Distress Signals . | . . . . . Communications Jammed . | . . . . . Distress Signals . | . . . . . Times Spotted 46 | . 12 16 3 15 Peak Tracking Total 7 | . 5 4 3 7 Tactical Retreats 4 | . 1 1 . 2 Traps | -11 -10 -9 -9 -8 ------- Run | Yrd Mat Mat Min Mat Traps Triggered 2 | . 2 . . . Indirectly . | . . . . . Trap Hack Attempts . | . . . . . Triggered . | . . . . . Disarmed . | . . . . . Reprogrammed . | . . . . . Reused . | . . . . . Traps Extracted . | . . . . . Installed . | . . . . . Triggered . | . . . . . Machines | -11 -10 -9 -9 -8 ---------- Run | Yrd Mat Mat Min Mat Machines Disabled 2 | . . 2 . . Max in Single Turn 1 | . . 1 . . Garrison Access 1 | . . . . 1 Machines Repaired . | . . . . . Machines Dismantled . | . . . . . Machines Sabotaged . | . . . . . Overloaded Fab Kills . | . . . . . Hacking | -11 -10 -9 -9 -8 --------- Run | Yrd Mat Mat Min Mat Machines Accessed 8 | . 2 3 . 3 Terminals 6 | . 2 3 . 1 Fabricators . | . . . . . Repair Stations . | . . . . . Recycling Units . | . . . . . Scanalyzers 1 | . . . . 1 Garrison Access 1 | . . . . 1 Total Hacks 30 | . 5 11 . 14 Successful 17 | . 2 6 . 9 Failed 13 | . 3 5 . 5 Catastrophic 3 | . . 2 . 1 Database Lockouts . | . . . . . Manual . | . . . . . Terminals 20 | . 5 11 . 4 Fabricators . | . . . . . Repair Stations . | . . . . . Recycling Units . | . . . . . Scanalyzers 7 | . . . . 7 Garrison Access 3 | . . . . 3 Terminal Hacks 10 | . 2 6 . 2 Record 1 | . . 1 . . Prototype ID Bank 2 | . 1 . . 1 Emergency Access Points 1 | . 1 . . . Alert Level 1 | . . 1 . . Unreport Threat 1 | . . 1 . . Locate Traps 3 | . . 2 . 1 Registered Components 1 | . . 1 . . Fabricator Hacks . | . . . . . Repair Station Hacks . | . . . . . Recycling Unit Hacks . | . . . . . Scanalyzer 6 | . . . . 6 Insert Component 3 | . . . . 3 Analyze 3 | . . . . 3 Garrison Access Hacks 1 | . . . . 1 Seal Access 1 | . . . . 1 Unauthorized Hacks . | . . . . . Terminals . | . . . . . Fabricators . | . . . . . Repair Stations . | . . . . . Recycling Units . | . . . . . Scanalyzers . | . . . . . Garrison Access . | . . . . . Data Cores Recovered . | . . . . . Used . | . . . . . Hacking Detections 8 | . 2 3 . 3 Full Trace Events 6 | . 1 3 . 2 Feedback Events . | . . . . . Feedback Blocked . | . . . . . Robot Schematics Acquired . | . . . . . Robots Built . | . . . . . Authchips . | . . . . . Time . | . . . . . Total Robot Build Rating . | . . . . . Part Schematics Acquired 3 | . . . . 3 Parts Built . | . . . . . Authchips . | . . . . . Time . | . . . . . Total Part Build Rating . | . . . . . Parts Repaired . | . . . . . Time . | . . . . . Parts Recycled . | . . . . . Recycled Matter . | . . . . . Retrieved Matter . | . . . . . Retrieved Components . | . . . . . Parts Scanalyzed 3 | . . . . 3 Part Schematics Acquired 3 | . . . . 3 Parts Damaged . | . . . . . Bothacking | -11 -10 -9 -9 -8 ------------ Run | Yrd Mat Mat Min Mat Used RIF Installer . | . . . . . Robots Hacked . | . . . . . Non-combat . | . . . . . Combat . | . . . . . Robot Hacks Applied . | . . . . . Relay Couplers Released . | . . . . . Fabnet Peak Effective % . | . . . . . Robots Rewired . | . . . . . Allies Hacked . | . . . . . Hacks Repelled . | . . . . . Allies | -11 -10 -9 -9 -8 -------- Run | Yrd Mat Mat Min Mat Total Allies . | . . . . . Largest Group . | . . . . . Highest-Rated Group . | . . . . . Highest-Rated Ally . | . . . . . Total Orders . | . . . . . Ally Attacks . | . . . . . Total Damage . | . . . . . Kills . | . . . . . Allies Corrupted . | . . . . . Allies Melted . | . . . . . Intel | -11 -10 -9 -9 -8 ------- Run | Yrd Mat Mat Min Mat Robot Analysis Total . | . . . . . Derelict Logs Recovered . | . . . . . Drone Launches . | . . . . . Drone Recoveries . | . . . . . Exploration | -11 -10 -9 -9 -8 ------------- Run | Yrd Mat Mat Min Mat Turns Passed 1385 | 67 214 429 261 414 Spaces Moved 820 | 46 140 196 203 235 Core 16 | 2 . . 2 12 Treads . | . . . . . Legs 380 | 44 140 196 . . Wheels 424 | . . . 201 223 Hover . | . . . . . Flight . | . . . . . Fastest Speed 50 | 50 120 120 110 90 Average Speed 125 | 116 120 146 112 124 Slowest Speed 400 | 120 120 260 400 400 Overloaded Moves . | . . . . . Propulsion Burnouts . | . . . . . Robots Hopped . | . . . . . Cave-ins Triggered . | . . . . . Exploration Rate (%) 20 | 4 23 22 38 15 Regions Visited 4 Branch Regions 1 Pre-discovered Areas . | . . . . . Known Exits Taken . | . . . . . Unknown Exits Taken 4 | 1 1 1 1 . Scrap Searched . | . . . . . Spaces Dug 11 | . . 9 1 1 Terrain Destroyed 80 | . 7 30 35 8 Melee . | . . . . . Projectile 11 | . . 9 1 1 AOE 69 | . 7 21 34 7 Terrain Rammed . | . . . . . Walls Destroyed . | . . . . . Machines Disabled . | . . . . . Actions | -11 -10 -9 -9 -8 --------- Run | Yrd Mat Mat Min Mat Total 1008 | 55 163 264 226 300 Wait 16 | . . 10 . 6 Move 816 | 45 139 195 202 235 Hop . | . . . . . Pick Up 20 | 3 5 3 1 8 Fast Attach 17 | 6 1 4 2 4 Attach 15 | . . 3 4 8 Detach 6 | . . 3 3 . Swap 25 | 1 4 11 4 5 Drop 14 | . 2 4 4 4 Fire 79 | . 12 31 6 30 Melee . | . . . . . Ram . | . . . . . Kick . | . . . . . Crush . | . . . . . Escape Stasis . | . . . . . Rewire . | . . . . . Trap . | . . . . . Miscellaneous . | . . . . . Route ------- -11/Scrapyard -10/Materials -9/Materials -9/Mines -8/Materials History --------- Turn | Location | Event 14 | -11/Scrapyard | Discovered new exit (range 15) 68 | -11/Scrapyard | Entered Materials 277 | -10/Materials | Discovered new exit (range 3) 282 | -10/Materials | Entered another Materials area 282 | -9/Materials | Evolved 2 slots: Propulsion x1, Utility x1 305 | -9/Materials | Build established: Mutant 655 | -9/Materials | Discovered new exit (range 16) 711 | -9/Materials | Entered Mines 712 | -9/Mines | Assembled infested the area 751 | -9/Mines | Lost 4 parts (1p1n2w) 884 | -9/Mines | Discovered new exit (range 5) 972 | -9/Mines | Entered Materials 972 | -8/Materials | Evolved 2 slots: Propulsion x1, Weapon x1 1121 | -8/Materials | Lost 4 parts (1p1n2w) 1370 | -8/Materials | Core integrity fell below 50% 1380 | -8/Materials | Core integrity fell below 20% 1386 | -8/Materials | Destroyed by G-47 Trooper with Particle Gun Last Messages --------------- Power failure, Lgt. Nuclear Core shutdown. Overheating: Matter decay (-57). K-01 Serf collects debris. K-01 Serf destroyed. Lgt. Nuclear Core destroyed. Particle Gun destroyed. Grenade Launcher destroyed. Sml. Laser destroyed. Critical hit (Burn: +37). Overheating: Energy bleed (-19). Power failure, Lgt. Ion Engine shutdown. Hvy. Particle Cannon destroyed. Overheating: Matter decay (-46). Power failure, Lgt. Ion Engine shutdown. Power Shielding destroyed. Lgt. Ion Engine destroyed. Particle Gun destroyed. G-47 Trooper destroyed. Visual Processing Unit broken. Overheating: Short circuit. Map ----- +----------------------------------------------------+ | ?????????????????????????????????????????????????? | | ?????????????????????????????????????????????????? | | ?????????????????????????????????????????????????? | | ?????????????????????????????????????????????????? | | ?????????????????????????????????????????????????? | | ?????????????????????????????????????????????????? | | ?????????????????????????????????????????????????? | | ?????????????????????????????????????????????????? | | ?????????????????????????????????????????????????? | | ?????????????????????????????????????????????????? | | ?????????????????????????????????????????????????? | | ?????????????????????????????????????????????????? | | ?????????????????????????????????????????????????? | | ??????????##?????????????????????????????????????? | | ?????????# #?????????????????????????????????????? | | ######### #?????????????????????????????????????? | | # # #?????????????????????????????????????? | | # + +?????????????????????????????????????? | | ?? ?? #?????????????? ?????????? #### | | ??##+#### #??????????????####+######### #### | | ??## #???????######### ##########+### | | ??## #???????######### | | #### ##+############ # ???? ???? | | ## # ## # ???? ??? | | ## # """ # ! # ##????## ##### | | # # """ # g@ ## ## ????##+###### | | # # ]] """ # =g* ## ##?????## !! # | | # ![ % !g ## ##?????## ! # | | #### ############## # ;### ##?????## + | | # # ######### gg %##?????## # | | "" # #! + ^^ % ##?????## ! # | | "" # # """" ######### ^^ ## ## # | | "" + + """" ########## ###### #####+####+######## | | "" # # """" + ##???### ###### ##### #### ######## | | "" # # # ######## ##??## ##### #### ##?????? | | #####+##### ######## ##??## ##### #### ######## | | ###### T + ##?### #### ######## | | ????## # ########?######### #### ## | | ????## ! # ########?## # ### # | | ????########## ###??????## "" + + "" | | ????##########+##+###??????## ""S ##### # G" | | ????????## ##??????## "" ######### "" | | ????????## "T" ##??????## ##?###### | | ????????## ! """ ##??????## ! ##?????######## | | ????????## ##??????##### ####?????######## | | ????????#############??????##########????????????? | | | | | | | | | +----------------------------------------------------+ Best States ------------- Heat Dissipation 31 Energy Generation 14 Energy Capacity 265 Matter Stores 300 Matter Capacity 300 Sight Range 18 Terrain Scan Density 10 ECM Strength 1 Power Shielding 33 Evasion (%) 55 Item Schematics ----------------- Grenade Launcher | -8/Materials | Scanalyzed Mining Laser | -8/Materials | Scanalyzed Lgt. Armor Plating | -8/Materials | Scanalyzed Robot Schematics ------------------ None Fabricated ------------ Nothing Alien Tech Used ----------------- None Achievements -------------- Everything Is Under Control Challenges ------------ None Game ------ Seed EtherialSpacefoldFalx Manual? 0 Play Time 00:19:49 Cumulative 9.8 hours Start 2024.05.08 @ 01:59:51 End 2024.05.08 @ 02:19:04 Sessions 1 Manual Loads 0 Difficulty Rogue Special Mode None Game No. 24 Rogue 24 Adventurer 0 Explorer 0 Win Type - Total 0 Types 0/0/0/0/0/0/0/0/0 Lore% 13 Gallery% 13 Achievement% 12 Wizard Run 0 Options --------- Layout 1 ASCII 0 Keyboard 1 Movement Numpad Keybinds 0 Fullscreen 1 Font 24/Smallcaps Map View 50x35 Zoom Use 0% Tactical HUD 0 Map Filters NONE Filters NONE Steam 1 RUN: 8ea388b5-559f-48c0-9b75-0753ddfca4cd